 Dungeon Crawl Stone Soup version 0.23.2-40-g277498a001 (webtiles) character file.

Game seed: 4772612503949109007

14797 Araneus the Spear-Bearer (level 11, -1/78 HPs)
             Began as a Demonspawn Fighter on Sept 4, 2019.
             Was a High Priest of Okawaru.
             Killed from afar by a gargoyle (8 damage)
             ... with a stone arrow
             ... in a Gauntlet.
             The game lasted 00:59:03 (10716 turns).

Araneus the Spear-Bearer (Demonspawn Fighter)      Turns: 10716, Time: 00:59:04

Health: -1/78      AC: 31    Str: 19    XL:     11   Next: 93%
Magic:  11/15      EV:  8    Int: 13    God:    Okawaru [*****.]
Gold:   656        SH: 14    Dex: 13    Spells: 10/10 levels left

rFire    . . .     SeeInvis .   p - +5 trident (protect)
rCold    + . .     Gourm    .   c - +1 shield
rNeg     . . .     Faith    .   q - +0 plate armour
rPois    .         Spirit   .   v - +2 hat
rElec    .         Reflect  .   b - +0 cloak
rCorr    .         Harm     .   G - +2 pair of gloves
MR       .....     NoTele   +   (no boots)
Stlth    ..........             (no amulet)
HPRegen  0.23/turn              g - +3 ring of intelligence
MPRegen  0.14/turn              a - ring of protection from cold

@: heroism, finesse, sanguine armour, hasted, very quick
A: antennae 2, rot immunity, sanguine armour 2
a: Heroism, Finesse, Renounce Religion


You were in a Gauntlet.
You worshipped Okawaru.
Okawaru was extremely pleased with you.
You were not hungry.

You visited 3 branches of the dungeon, and saw 12 of its levels.
You also visited: Gauntlet.

You collected 656 gold pieces.

Inventory:

Hand Weapons
 i - a +2 morningstar of protection
 p - a +5 trident of protection (weapon)
Missiles
 u - 2 throwing nets (quivered)
 H - 3 javelins
Armour
 b - a +0 cloak (worn)
 c - a +1 shield (worn)
 m - a scarf of cloud immunity
 q - a +0 plate armour (worn)
 v - a +2 hat (worn)
 G - a +2 pair of gloves (worn)
Jewellery
 a - a ring of protection from cold (right hand)
 g - a +3 ring of intelligence (left hand)
Wands
 j - a wand of disintegration (3)
 B - a wand of flame (23)
 E - a wand of acid (3)
Scrolls
 h - 4 scrolls of remove curse
 o - 2 scrolls of fog
 s - 4 scrolls of amnesia
 w - 4 scrolls of teleportation
 x - 3 scrolls of magic mapping
 D - a scroll of blinking {unknown}
 I - 3 scrolls of enchant armour
 L - a scroll of acquirement {unknown}
Potions
 d - a potion of agility
 e - 2 potions of resistance {unknown}
 l - 3 potions of flight
 z - a potion of brilliance {unknown}
 A - 2 potions of lignification
 C - 2 potions of cancellation
 F - a potion of berserk rage {unknown}
Comestibles
 f - 20 rations
 k - 8 chunks of flesh


   Skills:
 + Level 4.4(9.4) Fighting
 + Level 12.2(17.2) Polearms
 + Level 6.7(11.7) Armour
 + Level 9.6(14.6) Shields
 - Level 6.1 Invocations
 * Level 4.5 Evocations


You had 10 spell levels left.
You didn't know any spells.
Your spell library was empty.

Dungeon Overview and Level Annotations

Branches:
Dungeon (10/15)            Temple (1/1) D:7            Lair (1/6) D:10
    Orc: D:9-12

Altars:
Ashenzari
Cheibriados
Dithmenos
Elyvilon
Fedhas
Gozag
Hepliaklqana
Kikubaaqudgha
Makhleb
Nemelex Xobeh
Okawaru
Qazlal
Ru
Sif Muna
Trog
Uskayaw
Vehumet
Wu Jian
Xom
Yredelemnul
Zin
The Shining One

Shops:
D:4 (

Annotations:
Gauntlet 7 transporters


Innate Abilities, Weirdness & Mutations

You have a pair of antennae on your head.
You are immune to rotting.
When seriously injured, your bleeding wounds create thick armour. (AC +9)


Message History

Your +0 shield glows green for a moment.
The molten gargoyle hits you but does no damage.
You block the molten gargoyle's attack.
As you read the scroll labeled QIOZUI JEMECI, it crumbles to dust.
You assume a fearsome visage.
The molten gargoyle is unaffected. x2
The gargoyle is unaffected. x2; It was a scroll of fear.
The molten gargoyle barely misses you.
As you read the scroll labeled GAKKYDW KIEN, it crumbles to dust.
You hear a loud clanging noise!
It was a scroll of noise.
You block the molten gargoyle's attack. You block the gargoyle's attack.
The molten gargoyle hits you but does no damage.
As you read the scroll labeled GIUVUULASH, it crumbles to dust.
The dust glows brilliant brown!
It was a scroll of random uselessness.
The molten gargoyle hits you but does no damage.
You block the gargoyle's attack. The molten gargoyle barely misses you.
You feel yourself speed up. You block the molten gargoyle's attack.
The gargoyle hurls a stone arrow at you.
The stone arrow hits you!
You die...

#####.###.###.#####
#≈...............≈# ###
#8.8.8..©.©..8.8.8# #8#
#≈...............§#
##########################
###≈............≈∩§.........
#8#.........................
###..###########...#########
#..##^#99@9^.#...#..![©!..
###..#^#.#9##..#...#..#...#.
#8#..##..####.##...#^#######
###..##.####...#...##..#^#..
#..#.##©###.##...#....©...
###..#(^(.#....#...##..#.#^.
#8#..##.##.^#.##...#.##...##
###..#.##.#..#.#...#ss#...#.
#..##..##.#..#...#ssy#.#..


You could see 2 molten gargoyles and 2 gargoyles.

Vanquished Creatures
  A hydra (D:9)
  Nergalle (D:10)
  An unseen horror (D:10)
  Pikel (D:7)
  4 elephants (Gauntlet)
  A molten gargoyle (Lair:1)
  A torpor snail (Gauntlet)
  2 centaur skeletons
  A spiny frog (Lair:1)
  A komodo dragon (Lair:1)
  A queen bee (D:10)
  A troll (D:10)
  Grinder (D:5)
  2 dream sheep (D:9)
  2 hippogriffs (D:10)
  4 flying skulls (Gauntlet)
  Sigmund (D:2)
  8 yaks
  A wraith (D:10)
  2 hungry ghosts (D:9)
  A fire elemental (Lair:1)
  Eustachio (D:4)
  A basilisk (D:10)
  Menkaure (D:4)
  2 porcupines (Lair:1)
  An ice beast (D:10)
  A sky beast (D:9)
  A black bear (D:10)
  2 orc warriors
  A phantom (D:8)
  A necrophage (D:9)
  4 ogres
  2 centaurs (D:10)
  5 crocodiles
  4 big kobolds
  3 bullfrogs
  A wyvern skeleton (D:10)
  3 scorpions
  5 wights (D:8)
  29 killer bees
  A howler monkey (D:5)
  4 crimson imps
  8 hounds
  2 jellies
  A centaur zombie (D:9)
  An orc priest (D:10)
  3 orc wizards
  4 bullfrog skeletons
  Crazy Yiuf (D:7)
  2 iguanas
  Ijyb (D:3)
  Natasha (thrice) (D:4)
  Terence (D:3)
  6 worker ants
  A killer bee zombie (D:8)
  2 hound skeletons
  2 howler monkey zombies
  2 worker ant zombies
  Robin (D:3)
  7 gnolls
  4 howler monkey skeletons
  7 adders
  A shadow imp (D:10)
  2 oozes
  An adder skeleton (D:8)
  5 worms
  A dart slug (D:2)
  5 leopard geckos
  17 orcs
  8 bats
  2 giant cockroaches (D:2)
  16 goblins
  12 hobgoblins
  2 jackals (D:1)
  7 kobolds
  4 quokkas
  A ball python (D:8)
  2 frilled lizards
  A jackal zombie (D:8)
  A leopard gecko skeleton (D:7)
  A leopard gecko zombie (D:5)
  9 rats
268 creatures vanquished.

Vanquished Creatures (others)
  2 fungi (Gauntlet)
  A plant (Gauntlet)
3 creatures vanquished.

Grand Total: 271 creatures vanquished

Notes
Turn   | Place    | Note
-------+----------+-------------------------------------------
     0 | D:1      | Araneus the Demonspawn Fighter began the quest for the Orb.
     0 | D:1      | Reached XP level 1. HP: 18/18 MP: 1/1
    97 | D:1      | Reached skill level 2 in Polearms
   338 | D:1      | Gained mutation: When seriously injured, your bleeding
                  | wounds create armour. (AC +9) [demonic ancestry]
   338 | D:1      | Reached XP level 2. HP: 24/24 MP: 2/2
   768 | D:2      | Reached XP level 3. HP: 29/29 MP: 3/3
  1145 | D:2      | Reached skill level 3 in Polearms
  1192 | D:2      | Noticed Sigmund
  1206 | D:2      | Killed Sigmund
  1206 | D:2      | Reached skill level 4 in Polearms
  1206 | D:2      | Reached XP level 4. HP: 16/35 MP: 4/4
  1206 | D:2      | Reached XP level 5. HP: 19/41 MP: 5/5
  2080 | D:3      | Gained mutation: You have a pair of small antennae on your
                  | head. [demonic ancestry]
  2080 | D:3      | Reached XP level 6. HP: 47/47 MP: 6/6
  2090 | D:3      | Noticed Terence
  2187 | D:3      | Noticed Robin
  2209 | D:3      | Killed Robin
  2209 | D:3      | Reached skill level 5 in Polearms
  2318 | D:3      | Killed Terence
  2423 | D:3      | Noticed Ijyb
  2444 | D:3      | Killed Ijyb
  2672 | D:4      | Noticed Natasha
  2698 | D:4      | Killed Natasha
  2796 | D:4      | Noticed Natasha
  2807 | D:4      | Killed Natasha
  3069 | D:4      | Noticed Natasha
  3082 | D:4      | Killed Natasha
  3082 | D:4      | Gained mutation: You have a pair of antennae on your head.
                  | [demonic ancestry]
  3082 | D:4      | Reached XP level 7. HP: 42/52 MP: 7/7
  3097 | D:4      | Reached skill level 6 in Polearms
  3396 | D:4      | Noticed Menkaure
  3403 | D:4      | Killed Menkaure
  3650 | D:4      | Reached skill level 5 in Shields
  3680 | D:4      | Found an iron altar of Okawaru.
  3796 | D:4      | Noticed Eustachio
  3818 | D:4      | Killed Eustachio
  3818 | D:4      | Reached skill level 7 in Polearms
  3860 | D:4      | Became a worshipper of Warmaster Okawaru
  3884 | D:4      | Found Qotah's Antique Weapon Boutique.
  4052 | D:5      | Entered Level 5 of the Dungeon
  4054 | D:5      | Reached XP level 8. HP: 58/58 MP: 8/8
  4079 | D:5      | Noticed Grinder
  4093 | D:5      | Paralysed by Grinder for 4 turns
  4106 | D:5      | Paralysed by Grinder for 2 turns
  4108 | D:5      | Killed Grinder
  4349 | D:5      | Reached * piety under Okawaru
  4892 | D:6      | Found a stormy altar of Qazlal.
  5119 | D:6      | Reached skill level 8 in Polearms
  5119 | D:6      | Reached skill level 1 in Invocations
  5290 | D:7      | Found a staircase to the Ecumenical Temple.
  5299 | Temple   | Entered the Ecumenical Temple
  5420 | D:7      | Found a snail-covered altar of Cheibriados.
  5428 | D:7      | Found an ornate altar of the Wu Jian Council.
  5457 | D:7      | Noticed Pikel
  5508 | D:7      | Killed Pikel
  5508 | D:7      | Reached ** piety under Okawaru
  5508 | D:7      | Gained mutation: When seriously injured, your bleeding
                  | wounds create thick armour. (AC +9) [demonic ancestry]
  5508 | D:7      | Reached XP level 9. HP: 62/63 MP: 9/11
  5550 | D:7      | Found a runed translucent door.
  5551 | D:7      | Noticed Crazy Yiuf
  5563 | D:7      | Killed Crazy Yiuf
  5685 | D:7      | Found a bloodstained altar of Trog.
  6060 | D:8      | Reached skill level 9 in Polearms
  6118 | D:8      | Reached *** piety under Okawaru
  6719 | D:8      | Found a blossoming altar of Fedhas.
  6865 | D:8      | Found a glowing golden altar of the Shining One.
  6865 | D:8      | Found a sparkling altar of Nemelex Xobeh.
  7049 | D:9      | Reached skill level 5 in Invocations
  7157 | D:9      | Reached skill level 5 in Armour
  7450 | D:9      | Reached **** piety under Okawaru
  7450 | D:9      | Reached skill level 10 in Polearms
  7450 | D:9      | Reached XP level 10. HP: 64/70 MP: 14/14
  7697 | D:9      | Noticed a three-headed hydra
  7709 | D:9      | Killed a three-headed hydra
  7833 | D:9      | Reached ***** piety under Okawaru
  7833 | D:9      | Reached skill level 11 in Polearms
  8140 | D:10     | Entered Level 10 of the Dungeon
  8167 | D:10     | Received a gift from Okawaru
  8256 | D:10     | Reached skill level 1 in Evocations
  8327 | D:10     | Killed an unseen horror
  8417 | D:10     | Gained mutation: You are immune to rotting. [demonic
                  | ancestry]
  8417 | D:10     | Reached XP level 11. HP: 37/75 MP: 15/15
  8591 | D:10     | Noticed Nergalle
  8610 | D:10     | Killed Nergalle
  8988 | D:10     | Found a staircase to the Lair.
 10059 | Lair:1   | Entered Level 1 of the Lair of Beasts
 10186 | Lair:1   | Reached skill level 12 in Polearms
 10202 | Lair:1   | Found a gate leading to a gauntlet.
 10337 | Gauntlet | Entered a Gauntlet
 10337 | Gauntlet | Found a transporter.
 10337 | Gauntlet | Found a transporter.
 10337 | Gauntlet | Found a transporter.
 10361 | Gauntlet | Found a transporter.
 10371 | Gauntlet | Found a transporter.
 10375 | Gauntlet | Found a transporter.
 10393 | Gauntlet | Noticed a catoblepas
 10394 | Gauntlet | Found a transporter.
 10416 | Gauntlet | Found a transporter.
 10434 | Gauntlet | Found a transporter.
 10450 | Gauntlet | Found a transporter.
 10452 | Gauntlet | Found a transporter.
 10513 | Gauntlet | Noticed a death scarab
 10515 | Gauntlet | Found a transporter.
 10596 | Gauntlet | Received a gift from Okawaru
 10716 | Gauntlet | Killed from afar by a gargoyle

Skill      XL: |  1  2  3  4  5  6  7  8  9 10 11 |
---------------+----------------------------------+-----
Polearms       | 2 4 5 7 8 10 11 12 | 12.2
Shields        | 3 4 5 6 7 8 9 |  9.6
Armour         | 3 4 5 6 |  6.7
Invocations    | 3 5 6 |  6.1
Evocations     | 1 4 |  4.5
Fighting       | 4 |  4.4

Action                   |  1- 3 |  4- 6 |  7- 9 | 10-12 || total
-------------------------+-------+-------+-------+-------++-------
Melee: Trident           |   173 |   188 |   673 |   696 ||  1730
Invok: Heroism           |       |       |     1 |    10 ||    11
       Finesse           |       |       |       |     2 ||     2
Evoke: Wand              |       |     2 |     4 |    13 ||    19
  Use: Potion            |     1 |       |     1 |    12 ||    14
       Scroll            |       |     5 |     4 |    12 ||    21
 Stab: Invisible         |       |       |       |     2 ||     2
  Eat: Chunk             |     1 |     6 |    13 |     8 ||    28
       Ration            |       |       |     2 |     2 ||     4
Armor: Scale mail        |    66 |     9 |       |       ||    75
       Plate armour      |       |    62 |   321 |   436 ||   819
       Chain mail        |       |    27 |       |       ||    27
Dodge: Dodged            |    36 |    23 |    61 |   127 ||   247
Block: Shield            |    91 |    88 |   281 |   436 ||   896
